 Dungeon Crawl Stone Soup version 0.17.0-7-gfadd4cc (console) character file.

60 gw the Charmwright (level 3, -5/16 HPs)
             Began as a Felid Skald on Nov 9, 2015.
             Slain by a gnoll
             ... wielding a +0 spear
              (9 damage)
             ... on level 3 of the Dungeon.
             The game lasted 00:01:45 (2535 turns).

gw the Charmwright (Felid Skald)                    Turns: 2535, Time: 00:01:45

Health: -5/16      AC:  1    Str:  8    XL:     3   Next: 80%
Magic:  0/8        EV: 18    Int: 14    God:
Gold:   146        SH:  0    Dex: 15    Spells: 3 memorised, 2 levels left
                                        Lives:  0   Deaths: 0

rFire  . . .     SeeInvis +       - Unarmed
rCold  . . .     Clarity  .     (armour unavailable)
rNeg   . . .     SustAt   .     (shield unavailable)
rPois  .         Gourm    .     (helmet unavailable)
rElec  .         Spirit   .     (cloak unavailable)
rCorr  .         Warding  .     (gloves unavailable)
rMut   .         Stasis   .     (boots unavailable)
MR     .....                    (no amulet)
Stlth  ++........               (no ring)
                                (no ring)

@: infused, singing, very slightly contaminated, quick, not resistant to hostile
enchantments, unstealthy
A: no armour, no weapons or thrown items, claws 1, fangs 3, see invisible,
carnivore 3, speed 1, shaggy fur 1, slow metabolism 1, sharp paws
a: Stop Singing


You were on level 3 of the Dungeon.
You were very full.

You visited 1 branch of the dungeon, and saw 3 of its levels.

You collected 146 gold pieces.

Inventory:

Books
 a - a book of Battle

   Spells                             Type                      Level
   a - Infusion                       Charms                       1
   b - Shroud of Golubria             Charms/Translocation         2
   c - Song of Slaying                Charms                       2
   d - Spectral Weapon                Hexes/Charms                 3
   e - Regeneration                   Charms/Necromancy            3
Comestibles
 b - 2 meat rations


   Skills:
 + Level 2.1 Fighting
 + Level 3.3 Dodging
 + Level 2.4 Unarmed Combat
 * Level 2.7 Spellcasting
 + Level 4.0 Charms


You had 2 spell levels left.
You knew the following spells:

 Your Spells              Type           Power        Failure   Level  Hunger
a - Infusion              Chrm           ##....       4%          1    #......
b - Shroud of Golubria    Chrm/Tloc      #.........   17%         2    ###....
c - Song of Slaying       Chrm           ##......     10%         2    ###....


Dungeon Overview and Level Annotations

Branches:
Dungeon (3/15)

Altars:
Gozag


Innate Abilities, Weirdness & Mutations

You cannot wear armour.
You are incapable of wielding weapons or throwing items.
You have sharp claws.
You have razor-sharp teeth.
You have supernaturally acute eyesight.
You are carnivorous and can eat meat at any time.
You cover ground quickly.
You are covered in fur (AC +1).
You have a slow metabolism.
Your sharp claws are effective at attacking unaware monsters.


Message History

Unknown command.
Unknown command.
Unknown command.
ATTACK MOVE TO (0,-1)
The gnoll barely misses you. The gnoll completely misses you.
Unknown command.
Unknown command.
Unknown command.
Unknown command.
MOVING TO (0,1)
The gnoll hits you from afar with a spear!
Your shroud falls apart!
The gnoll misses you.
Unknown command.
Unknown command.
Unknown command.
ATTACK MOVE TO (0,-1)
The gnoll hits you with a spear!
Ouch! That really hurt!
You die...

#....# ## #....# #
... .#
###....#.#..# ##.#
.......#...#
#...##
.###..)....# ...[.
.# ###....## .?.#
#####....## ##g$.#
.........# #ggS.#
...<.....# ####h#
.........####....#
.........##...####
..............#
.........####.....
.........# ###....
.#..###### .....
...## .... ...##
...


You could see 3 gnolls and a ball python.

Table legend:
 A = Turns spent in this place as a percentage of turns spent in the entire game.
 B = Non-inter-level travel turns spent in this place as a percentage of non-inter-level travel turns spent in the entire game.
 C = Inter-level travel turns spent in this place as a percentage of turns spent in this place.
 D = Turns resting spent in this place as a percentage of non-inter-level travel turns spent in this place.
 E = Turns spent auto-exploring this place as a percentage of non-inter-level travel turns spent in this place.
 F = Non-inter-level travel turns spent in this place divided by the number of levels of this place that you've seen.
                   A       B       C       D       E      F
               +-------+-------+-------+-------+-------+----------------------
         Total | 100.0 | 100.0 |   0.9 |   2.4 |   2.6 | 935.3
       Dungeon | 100.0 | 100.0 |   0.9 |   2.4 |   2.6 | 935.3
               +-------+-------+-------+-------+-------+----------------------

Table legend:
 A = Kills in this place as a percentage of kills in entire the game.
 B = Kills by you in this place as a percentage of kills by you in the entire game.
 C = Kills by friends in this place as a percentage of kills by friends in the entire game.
 D = Other kills in this place as a percentage of other kills in the entire game.
 E = Experience gained in this place as a percentage of experience gained in the entire game.
 F = Experience gained in this place divided by the number of levels of this place that you have seen.
                   A       B       C       D       E      F
               +-------+-------+-------+-------+-------+----------------------
         Total | 100.0 | 100.0 |  -nan |  -nan | 100.0 |  28.7
       Dungeon | 100.0 | 100.0 |  -nan |  -nan | 100.0 |  28.7
               +-------+-------+-------+-------+-------+----------------------

Vanquished Creatures
  2 adders
  An ooze (D:2)
  A giant gecko (D:1)
  2 giant cockroaches
  9 goblins
  6 hobgoblins
  2 kobolds (D:1)
  4 bats
  5 giant newts
  3 rats
35 creatures vanquished.

Notes
Turn   | Place    | Note
--------------------------------------------------------------
     0 | D:1      | gw the Felid Skald began the quest for the Orb.
     0 | D:1      | Reached XP level 1. HP: 9/9 MP: 4/4
   196 | D:1      | Reached XP level 2. HP: 13/13 MP: 3/6
   227 | D:1      | Learned a level 2 spell: Shroud of Golubria
   230 | D:1      | Learned a level 2 spell: Song of Slaying
  1352 | D:2      | Reached XP level 3. HP: 9/16 MP: 0/7
  1714 | D:2      | Found an opulent altar of Gozag.
  2423 | D:3      | Reached skill level 4 in Charms
  2535 | D:3      | Slain by a gnoll

Action                   || total
-------------------------++-------
Melee: Unarmed           ||    99
 Cast: Infusion          ||    20
       Shroud of Golubri ||    19
       Song of Slaying   ||     2
  Eat: Chunk             ||    12

Vault maps used:
D:1:      mrwooster_arrival_statue, st_stairs_3
D:2:      nicolae_gozag_cash_rules_everything_around_me
D:3:      minmay_fountain_box
